 Dungeon Crawl Stone Soup version 0.27-a0-67-g4bfc8a49e1 (webtiles) character file.

Game seed: 15017817201151876136

598 timneilson the Shield-Bearer (level 7, -4/44 HPs)
             Began as a Gargoyle Fighter on Jan 10, 2021.
             Was a Follower of Okawaru.
             Splashed by a jelly's acid (8 damage)
             ... on level 4 of the Dungeon.
             The game lasted 00:07:11 (3654 turns).

timneilson the Shield-Bearer (Gargoyle Fighter)     Turns: 3654, Time: 00:07:11

Health: -4/44      AC: -1    Str: 22    XL:     7   Next: 40%
Magic:  7/7        EV:  7    Int:  8    God:    Okawaru [*.....]
Gold:   221        SH: 11    Dex:  9    Spells: 6/6 levels left

rFire    + . .     SeeInvis .   a - +0 long sword
rCold    x . .     Faith    .   c - +1 kite shield
rNeg     + . .     Spirit   .   b - +0 scale mail
rPois    ∞         Reflect  .   (no helmet)
rElec    +         Harm     .   n - +0 cloak
rCorr    .         Rampage  .   (no gloves)
Will     .....                  h - +0 pair of boots
Stlth    ..........             (no amulet)
HPRegen  0.14/turn              q - ring of fire
MPRegen  0.10/turn              (no ring)

@: corroded
A: negative energy resistance 1, electricity resistance, unbreathing,
petrification resistance, miasma immunity, AC +4
a: Renounce Religion, Heroism


You were on level 4 of the Dungeon.
You worshipped Okawaru.
Okawaru was aware of your devotion.
You visited 2 branches of the dungeon, and saw 5 of its levels.

You collected 221 gold pieces.

Inventory:

Hand Weapons
 a - a +0 long sword (weapon)
Armour
 b - a +0 scale mail (worn)
 c - a +1 kite shield (worn)
 h - a +0 pair of boots (worn)
 n - a +0 cloak (worn)
Jewellery
 q - a ring of fire (left hand)
Wands
 d - a wand of paralysis (10)
Scrolls
 k - a scroll of immolation
 m - a scroll of teleportation
 o - 2 scrolls of remove curse {unknown}
 r - a scroll of identify
Potions
 e - 5 potions of curing
 f - 2 potions of haste
 g - a potion of heal wounds
 i - 2 potions of attraction
 j - 2 potions of mutation
 l - 2 potions of might
 s - a potion of berserk rage


   Skills:
 + Level 4.4 Fighting
 * Level 4.0 Long Blades
 * Level 5.4 Armour
 * Level 5.4 Shields
 + Level 1.2 Invocations
 + Level 0.9 Evocations


You had 6 spell levels left.
You didn't know any spells.
Your spell library was empty.

Dungeon Overview and Level Annotations

Branches:
Dungeon (4/15)             Temple (1/1) D:4

Altars:
Ashenzari
Cheibriados
Dithmenos
Elyvilon
Hepliaklqana
Kikubaaqudgha
Makhleb
Nemelex Xobeh
Okawaru
Qazlal
Ru
Sif Muna
Trog
Uskayaw
Vehumet
Wu Jian
Xom
Yredelemnul
Zin
The Shining One


Innate Abilities, Weirdness & Mutations

You are resistant to torment.
Your stone body is resilient. (AC +4)
You are immune to poison.
You resist negative energy. (rN+)
You are resistant to electric shocks. (rElec)
You can survive without breathing.
You are immune to petrification.
You are immune to miasma.


Message History

You hit the jelly but do no damage.
Your hands burn!
The jelly is severely wounded.
The jelly hits you but does no damage. You block the jelly's attack.
You hit the jelly but do no damage.
Your hands burn!
The jelly is severely wounded.
The jelly barely misses you.
You hit the jelly but do no damage. The acid corrodes you!
Your hands burn!
The jelly is severely wounded.
The jelly hits you.
You are splashed with acid.
You hit the jelly but do no damage.
Your hands burn!
The jelly is severely wounded.
The jelly hits you.
You are splashed with acid.
* * * LOW HITPOINT WARNING * * *
You hit the jelly but do no damage.
Your hands burn!
* * * LOW HITPOINT WARNING * * *
The jelly is severely wounded.
You block the jelly's attack. The jelly hits you.
* * * LOW HITPOINT WARNING * * *
The acid corrodes you!
You are splashed with acid!
You die...

.....'...# #...#
#<.......#..... .....#####
#.#.# #.....#..##.###
.....# ##.#.##
#######..##.> .....#
#..#..# ..## ######
##.###.## ..# ###..#
#..### # #
####...##.##.(.####
#####....###..B###....###
......####$...oJ@.$.).....
#####....###..Z###....####
....####...##. ..####
###.# #..# ### #.# . #.# #
#.# # #.# # #.#


You could see a jelly, a worker ant, an orc and a ball python skeleton.

Vanquished Creatures
  2 centaurs (D:4)
  An ogre (D:4)
  A hound (D:4)
  A centaur skeleton (D:3)
  Crazy Yiuf (D:2)
  A hound skeleton (D:3)
  9 gnolls
  3 adders
  2 oozes
  4 adder zombies (D:3)
  3 adder skeletons
  2 worms (D:2)
  A dart slug (D:2)
  A leopard gecko (D:2)
  5 orcs (D:3)
  4 bats
  A giant cockroach (D:1)
  3 goblins
  10 hobgoblins
  24 jackals
  A ball python skeleton (D:3)
  4 frilled lizards
  12 kobolds
  A leopard gecko skeleton (D:3)
  A leopard gecko zombie (D:3)
  A quokka zombie (D:3)
  6 rats
105 creatures vanquished.

Notes
Turn   | Place    | Note
-------+----------+-------------------------------------------
     0 | D:1      | timneilson the Gargoyle Fighter began the quest for the
                  | Orb.
     0 | D:1      | Reached XP level 1. HP: 14/14 MP: 1/1
   123 | D:1      | Reached XP level 2. HP: 19/19 MP: 2/2
   401 | D:1      | Reached XP level 3. HP: 19/23 MP: 3/3
  1165 | D:2      | Reached XP level 4. HP: 26/28 MP: 4/4
  1318 | D:2      | You fall into a shaft and drop 2 floors!
  1368 | D:4      | Reached XP level 5. HP: 33/33 MP: 5/5
  1369 | D:4      | Noticed an ogre
  1382 | D:4      | Killed an ogre
  1386 | D:4      | Found a staircase to the Ecumenical Temple.
  1393 | Temple   | Entered the Ecumenical Temple
  1481 | Temple   | Became a worshipper of Warmaster Okawaru
  1619 | D:3      | Paralysed by a gnoll for 5 turns
  1627 | D:3      | Reached XP level 6. HP: 16/38 MP: 6/6
  2084 | D:2      | Found a runed translucent door.
  2085 | D:2      | Noticed Crazy Yiuf
  2091 | D:2      | Killed Crazy Yiuf
  2356 | D:3      | Reached skill level 5 in Armour
  2391 | D:3      | Reached skill level 5 in Shields
  2844 | D:3      | Reached XP level 7. HP: 44/44 MP: 7/7
  3202 | D:4      | Reached * piety under Okawaru
  3203 | D:4      | Reached skill level 1 in Invocations
  3654 | D:4      | Splashed by a jelly's acid

Illustrated notes

Levels and vault maps discovered:
D:1:      lemuel_arrival_muddy, layout_basic
D:2:      minmay_angry_zag, layout_rooms, uniq_crazy_yiuf_cottage
D:3:      layout_basic, serial_undead, serial_undead_b, serial_undead_c,
          serial_undead_c, serial_undead_b, serial_undead_d, serial_undead_e,
          serial_undead_a, serial_undead_e, serial_undead_d, serial_undead_e
D:4:      minmay_general_purpose_star, layout_basic, minmay_temple_entry_grid,
          minmay_manual_mares
Temple:   regret_index_temple_chain_breaker

Skill      XL: |  1  2  3  4  5  6  7 |
---------------+----------------------+-----
Long Blades    | 2 3 4 |  4.0
Armour         | 4 5 |  5.4
Shields        | 4 5 |  5.4
Fighting       | 4 |  4.4
Invocations    | 1 |  1.2
Evocations     | |  0.9

Action                   |  1- 3 |  4- 6 |  7- 9 || total
-------------------------+-------+-------+-------++-------
Melee: Long sword        |   138 |   221 |    27 ||   386
  Use: Scroll            |     3 |     4 |     2 ||     9
       Potion            |       |     2 |       ||     2
Armor: Scale mail        |    81 |   114 |    20 ||   215
Dodge: Dodged            |    73 |    70 |     8 ||   151
Block: Kite shield       |    87 |   146 |    27 ||   260
       Rpst.: Long sword |    20 |    23 |       ||    43

Table legend: (Time is in decaauts)
 A = Elapsed time spent in this place.
 B = Non-inter-level travel time spent in this place.
 C = Inter-level travel time spent in this place.
 D = Time resting spent in this place.
 E = Time spent auto-exploring this place.
 F = Levels seen in this place.
 G = Mean time per level.
                   A        B        C        D        E       F      G
               +--------+--------+--------+--------+--------+-----+--------+
         Total |   3779 |   3742 |     37 |      0 |   2834 |   5 |  755.8 |
       Dungeon |   3652 |   3625 |     27 |      0 |   2727 |   4 |  913.0 |
        Temple |    126 |    116 |     10 |      0 |    107 |   1 |  126.0 |
               +--------+--------+--------+--------+--------+-----+--------+

Top non-repeatable levels by time:
     D:3: 1166 daAuts
     D:1: 1117 daAuts
     D:4: 699 daAuts
     D:2: 669 daAuts
  Temple: 126 daAuts
